 Dungeon Crawl Stone Soup version 0.30-a0-1164-ge08a67761e (webtiles) character file.

Game seed: 11727346497058327897

1385900 Lobster4 the Ruinous (level 27, 221/221 HPs)
             Began as a Human Conjurer on Apr 29, 2023.
             Was the Champion of Vehumet.
             Escaped with the Orb
             ... and 3 runes on Apr 30, 2023!
             The game lasted 06:23:18 (115934 turns).

Lobster4 the Ruinous (Human Conjurer)             Turns: 115934, Time: 06:23:19

Health: 221/221    AC: 26    Str: 18    XL:     27
Magic:  38/55      EV: 25    Int: 30    God:    Vehumet [******]
Gold:   5033       SH: 12    Dex: 26    Spells: 6/65 levels left

rFire   + + +        E - staff of conjuration "Ihion" {rPois rCorr Int+3 Stlth+}
rCold   + + .        w - +0 buckler of Subjectivity {Drain rC+++ rN+ Dex+3}
rNeg    + + +        z - +4 faerie dragon scales {rCorr HP-3 Str+4}
rPois   +            b - +2 helmet
rElec   +            H - +1 cloak of Card Tricks {Fly rF+}
rCorr   +            h - +2 pair of gloves
SInv    +            V - +1 pair of boots of Oblo {rF+ rN+}
Will    ++...        T - amulet of Coyrph {Reflect rC- rN+ Str-2 Dex+5 SH+5}
Stlth   +            u - ring of Vuphouck {Fly rElec rF+ rN+ Dex+6}
HPRegen 0.56/turn    J - ring of Okawaru's Castigation {MP+9 Str+2 Int+3 SInv}
MPRegen 0.34/turn

%: reflection
@: flying, studying Maces & Flails
A: clumsy 1
0: Orb of Zot
}: 3/15 runes: barnacled, silver, gossamer
a: Renounce Religion


You escaped.
You worshipped Vehumet.
Vehumet was exalted by your worship.
You visited 11 branches of the dungeon, and saw 51 of its levels.
You also visited: Bailey, Gauntlet and Desolation.

You collected 10872 gold pieces.
You spent 5839 gold pieces at shops.

Inventory:

Hand Weapons
 i - a +4 sacred scourge of holy wrath
 B - the +8 short sword "Ywnupise" {freeze, rElec Int+6 Dex-2 Stlth+}
   (You found it on level 1 of the Elven Halls)

   Int:       It affects your intelligence (+6).
   Dex:       It affects your dexterity (-2).
   rElec:     It insulates you from electricity.
   Stlth:     It makes you more stealthy.
Missiles
 X - 3 curare-tipped darts
Armour
 b - a +2 helmet (worn)
 h - a +2 pair of gloves (worn)
 w - the +0 buckler of Subjectivity (worn) {Drain rC+++ rN+ Dex+3}
   (You found it on level 3 of the Elven Halls)

   Dex:       It affects your dexterity (+3).
   rC:        It renders you almost immune to cold.
   rN:        It protects you from negative energy.
   Drain:     It drains your maximum health when unequipped.
 z - the +4 faerie dragon scales (worn) {rCorr HP-3 Str+4}
   (You took it off the Enchantress on level 4 of the Depths)

   Str:       It affects your strength (+4).
   HP:        It affects your health (-3).
   rCorr:     It protects you from acid and corrosion.
 A - a +2 cloak of poison resistance
 H - the +1 cloak of Card Tricks (worn) {Fly rF+}
   (You acquired it on level 2 of the Lair of Beasts)

   rF:        It protects you from fire.
   Fly:       It grants you flight.
 V - the +1 pair of boots of Oblo (worn) {rF+ rN+}
   (You found it in a Gauntlet)

   rF:        It protects you from fire.
   rN:        It protects you from negative energy.
Magical Staves
 p - the staff of conjuration "Feff" {rPois rF+ Int+5 Dex-5}
   (You found it on level 3 of the Elven Halls)

   [staff of conjuration]

   Base accuracy: +5 Base damage: 5 Base attack delay: 1.2 This weapon's minimum
   attack delay (0.6) is reached at skill level 12.
   Int:       It affects your intelligence (+5).
   Dex:       It affects your dexterity (-5).
   rF:        It protects you from fire.
   rPois:     It protects you from poison.
   It falls into the 'Staves' category.
   It is a one-handed weapon.
 E - the staff of conjuration "Ihion" (weapon) {rPois rCorr Int+3 Stlth+}
   (You acquired it on level 5 of the Vaults)

   [staff of conjuration]

   Base accuracy: +5 Base damage: 5 Base attack delay: 1.2 This weapon's minimum
   attack delay (0.6) is reached at skill level 12.
   Int:       It affects your intelligence (+3).
   rPois:     It protects you from poison.
   rCorr:     It protects you from acid and corrosion.
   Stlth:     It makes you more stealthy.
   It falls into the 'Staves' category.
   It is a one-handed weapon.
Jewellery
 c - the amulet "Ligouna" {RegenMP rF+ Dex+3}
   (You found it in the Desolation of Salt)

   [amulet of magic regeneration]

   It increases your rate of magic regeneration.
   Dex:       It affects your dexterity (+3).
   rF:        It protects you from fire.
 l - a ring of willpower
 u - the ring of Vuphouck (left hand) {Fly rElec rF+ rN+ Dex+6}
   (You found it on level 3 of the Spider Nest)

   [ring of dexterity]

   Dex:       It affects your dexterity (+6).
   rF:        It protects you from fire.
   rElec:     It insulates you from electricity.
   rN:        It protects you from negative energy.
   Fly:       It grants you flight.
 J - the ring of Okawaru's Castigation (right hand) {MP+9 Str+2 Int+3 SInv}
   (You took it off a servant of whispers in the Desolation of Salt)

   [ring of magical power]

   Str:       It affects your strength (+2).
   Int:       It affects your intelligence (+3).
   MP:        It affects your magic capacity (+9).
   SInv:      It lets you see invisible.
 L - the ring of Ifett {rC+ Int+2 SInv}
   (You acquired it on level 7 of the Dungeon)

   [ring of see invisible]

   Int:       It affects your intelligence (+2).
   rC:        It protects you from cold.
   SInv:      It lets you see invisible.
 P - a ring of resist corrosion
 T - the amulet of Coyrph (around neck) {Reflect rC- rN+ Str-2 Dex+5 SH+5}
   (You found it on level 3 of the Lair of Beasts)

   [amulet of reflection]

   It reflects blocked missile attacks.
   Str:       It affects your strength (-2).
   Dex:       It affects your dexterity (+5).
   rC:        It makes you vulnerable to cold.
   rN:        It protects you from negative energy.
   SH:        It affects your SH (+5).
Wands
 f - a wand of acid (5)
 j - a wand of roots (42)
 n - a wand of mindburst (61)
 x - a wand of digging (9)
 S - a wand of paralysis (62)
 Y - a wand of flame (22) (quivered)
Scrolls
 g - 22 scrolls of fog
 r - 3 scrolls of enchant armour
 y - 10 scrolls of poison
 D - 9 scrolls of immolation
 G - 5 scrolls of amnesia
 K - 8 scrolls of teleportation
 N - a scroll of magic mapping
 O - 5 scrolls of silence
 U - 6 scrolls of fear
Potions
 d - 5 potions of resistance
 e - 11 potions of might
 k - 7 potions of ambrosia
 m - 16 potions of curing
 o - 10 potions of heal wounds
 q - 7 potions of haste
 s - a potion of magic
 t - 5 potions of lignification
 v - 5 potions of cancellation
 F - 5 potions of berserk rage
 I - 4 potions of invisibility
 R - 12 potions of mutation
Miscellaneous
 a - a lightning rod (3/4)


   Skills:
 + Level 20.0 Fighting
 - Level 7.0 Short Blades
 - Level 6.6(10.3) Axes
 - Level 12.2(13.0) Maces & Flails
 - Level 1.3(7.9) Staves
 - Level 3.1 Throwing
 - Level 15.0 Armour
 - Level 15.0 Dodging
 - Level 2.0 Stealth
 - Level 6.0 Shields
 + Level 19.6 Spellcasting
 + Level 21.4 Conjurations
 - Level 10.0 Necromancy
 - Level 5.0 Translocations
 - Level 7.0 Fire Magic
 - Level 13.0 Ice Magic
 - Level 3.1 Air Magic
 + Level 18.9 Earth Magic
 - Level 10.0 Poison Magic
 - Level 6.0 Evocations


You had 6 spell levels left.
You knew the following spells:

 Your Spells              Type           Power      Damage    Failure   Level
a - Magic Dart            Conj           100%       1d8       0%          1
b - Stone Arrow           Conj/Erth      100%       3d13      0%          3
c - Iron Shot             Conj/Erth      61%        9d11      1%          6
d - Iskenderun's Mystic   Conj/Tloc      100%       2d19      1%          4
e - Starburst             Conj/Fire      53%        6d14      1%          6
f - Poisonous Vapours     Pois/Air       100%       N/A       1%          2
g - Borgnjor's Vile Clut  Necr/Erth      43%        N/A       1%          5
h - Sticky Flame          Conj/Fire      100%       2d11      1%          4
i - Blink                 Tloc           100%       N/A       1%          2
j - Searing Ray           Conj           100%       2d8       0%          2
k - Swiftness             Air            48%        N/A       1%          3
l - Lee's Rapid Deconstr  Erth           48%        3d23*     0%          5
m - Fireball              Conj/Fire      53%        3d21      1%          5
p - Olgreb's Toxic Radia  Pois           74%        N/A       1%          4
r - Ozocubu's Refrigerat  Ice            41%        4d16      2%          7

Your spell library contained the following spells:

 Spells                   Type           Power      Damage    Failure   Level
 Polar Vortex             Ice            41%        N/A       90%         9
 Foxfire                  Conj/Fire      100%       2x1d9     0%          1
 Freeze                   Ice            100%       1d10      0%          1
 Kiss of Death            Conj/Necr      100%       2d13      0%          1
 Sandblast                Erth           100%       2d20      0%          1
 Momentum Strike          Conj/Tloc      100%       3d10      0%          2
 Hailstorm                Conj/Ice       100%       3d20      0%          3
 Iskenderun's Battlesphe  Conj           100%       2d15      0%          5
 Beastly Appendage        Tmut           58%        N/A       1%          1
 Necrotise                Necr           100%       1d9       1%          1
 Slow                     Hex            100%       N/A       1%          1
 Cigotuvi's Dreadful Rot  Necr/Pois/Air  100%       N/A       1%          2
 Ensorcelled Hibernation  Hex/Ice        100%       N/A       1%          2
 Lesser Beckoning         Tloc           100%       N/A       1%          2
 Passwall                 Tmut/Erth      60%        N/A       1%          2
 Sublimation of Blood     Necr           74%        N/A       1%          2
 Dazzling Flash           Conj/Hex       100%       N/A       1%          3
 Frozen Ramparts          Ice            100%       1d16      1%          3
 Ignite Poison            Fire/Tmut/Pois 59%        N/A       1%          3
 Mephitic Cloud           Conj/Pois/Air  99%        N/A       1%          3
 Ozocubu's Armour         Ice            82%        N/A       1%          3
 Portal Projectile        Hex/Tloc       88%        N/A       1%          3
 Spider Form              Tmut/Pois      56%        N/A       1%          3
 Vampiric Draining        Necr           74%        2d11      1%          3
 Vhi's Electric Charge    Tloc/Air       100%       N/A       1%          3
 Volatile Blastmotes      Fire/Tloc      100%       2d18      1%          3
 Animate Armour           Summ/Erth      100%       N/A       1%          4
 Animate Dead             Necr           74%        N/A       1%          4
 Dispel Undead            Necr           74%        3d25      1%          4
 Fulminant Prism          Conj/Hex       48%        3d21      1%          4
 Leda's Liquefaction      Hex/Erth       36%        N/A       1%          4
 Agony                    Necr           74%        N/A       1%          5
 Arcjolt                  Conj/Air       50%        1d60      1%          5
 Freezing Cloud           Conj/Ice/Air   51%        6-21      1%          5
 Irradiate                Conj/Tmut      48%        3d27      1%          5
 Conjure Ball Lightning   Conj/Air       50%        3x3d17    1%          6
 Anguish                  Hex/Necr       28%        N/A       2%          4
 Passage of Golubria      Tloc           56%        N/A       2%          4
 Simulacrum               Ice/Necr       39%        N/A       2%          6
 Call Imp                 Summ           58%        N/A       3%          2
 Wereblood                Tmut           29%        N/A       3%          2
 Metabolic Englaciation   Hex/Ice        31%        N/A       3%          5
 Death Channel            Necr           37%        N/A       4%          6
 Call Canine Familiar     Summ           29%        N/A       6%          3
 Confusing Touch          Hex            29%        N/A       6%          3
 Tukima's Dance           Hex            29%        N/A       6%          3
 Statue Form              Tmut/Erth      48%        N/A       6%          6
 Alistair's Intoxication  Tmut/Pois      37%        N/A       7%          5
 Summon Lightning Spire   Summ/Air       39%        N/A       10%         4
 Eringya's Noxious Bog    Tmut/Pois      28%        N/A       11%         6
 Yara's Violent Unravell  Hex/Tmut       14%        3d7       14%         5
 Cause Fear               Hex            14%        N/A       19%         4
 Summon Forest            Summ/Tloc      22%        N/A       19%         5
 Silence                  Hex/Air        19%        N/A       28%         5
 Blade Hands              Tmut           14%        N/A       47%         5
 Summon Mana Viper        Hex/Summ       29%        N/A       47%         5
 Summon Cactus Giant      Summ           14%        N/A       96%         6
 Lehudib's Crystal Spear  Conj/Erth      61%        10d14     1%          8
 Spellforged Servitor     Conj/Summ      48%        N/A       5%          7
 Shatter                  Erth           48%        3d37*     21%         9
 Fire Storm               Conj/Fire      53%        8d14      78%         9
 Ignition                 Fire           32%        3d10      83%         8
 Haunt                    Necr/Summ      28%        N/A       91%         7
 Borgnjor's Revivificati  Necr           37%        N/A       91%         8
 Infestation              Necr           37%        N/A       91%         8
 Chain Lightning          Conj/Air       50%        3d67      95%         9
 Dragon Form              Tmut           14%        N/A       100%        7
 Enfeeble                 Hex            14%        N/A       100%        7
 Monstrous Menagerie      Summ           14%        N/A       100%        7
 Summon Hydra             Summ           14%        N/A       100%        7
 Discord                  Hex            14%        N/A       100%        8
 Disjunction              Tloc           28%        N/A       100%        8
 Maxwell's Capacitive Co  Air            24%        ∞         100%        8
 Necromutation            Tmut/Necr      28%        N/A       100%        8
 Death's Door             Necr           37%        N/A       100%        9
 Dragon's Call            Summ           14%        N/A       100%        9


Dungeon Overview and Level Annotations

Branches:
Dungeon (15/15)            Temple (1/1) D:4            Lair (5/5) D:8
 Shoals (4/4) Lair:3       Spider (4/4) Lair:2        Slime (0/5) Lair:5
    Orc (2/2) D:10            Elf (3/3) Orc:2        Vaults (5/5) D:13
  Crypt (3/3) Vaults:3       Tomb (0/3) Crypt:3      Depths (4/4) D:15
    Zot (5/5) Depths:4     Bailey (visited)         Desolation (visited)
Gauntlet (visited)

Altars:
Ashenzari
Cheibriados
Dithmenos
Elyvilon
Fedhas
Gozag
Hepliaklqana
Makhleb
Okawaru
Qazlal
Sif Muna
Trog
Uskayaw
Vehumet
Wu Jian
Xom
Yredelemnul
Zin
The Shining One
Jiyva

Shops:
D:3 :   D:5 *[!=(   D:9 =**[[   D:14 :   Orc:2 ****   Elf:2 *   Elf:3 *
Vaults:5 !!?!!?   Depths:1 *!   Depths:3 (   Depths:4 :!(*

Portals:
Hell: Depths:1 Depths:2 Depths:3 Depths:4
Abyss: Depths:1 Depths:3
Pandemonium: Depths:2
Ziggurat: Depths:2

Annotations:
Elf:2 3 runed translucent doors
Crypt:2 Zenata
Zot:4 3 runed translucent doors, Bucoetae's ghost, veteran OgBe
Zot:5 4 transporters


Innate Abilities, Weirdness & Mutations

You are clumsy. (Dex -2)


Message History

Aim: a Tzitzimitl (100% to hit)
Zombie hands grab the Tzitzimitl.
The zombie hands constrict the Tzitzimitl.
The Tzitzimitl struggles to escape constriction.
Casting: Borgnjor's Vile Clutch (safe; 1% risk of failure)
Confirm with . or Enter, or press ? or * to list all spells.
Aiming: Iron Shot (safe; 1% risk of failure)
Press: ? - help, Shift-Dir - straight line, f/p - Tzitzimitl
Aim: a Tzitzimitl (lightly wounded, constricted by zombie hands, 100% to hit)
You feel a surge of power!
The iron shot hits the Tzitzimitl!!!
The Tzitzimitl is heavily wounded.
The zombie hands constrict the Tzitzimitl!
The Tzitzimitl struggles to escape constriction.
Casting: Iron Shot (safe; 1% risk of failure)
Confirm with . or Enter, or press ? or * to list all spells.
Aiming: Iron Shot (safe; 1% risk of failure)
Press: ? - help, Shift-Dir - straight line, f/p - Tzitzimitl
Aim: a Tzitzimitl (heavily wounded, constricted by zombie hands, 100% to hit)
You feel a surge of power!
The iron shot hits the Tzitzimitl!!!
You kill the Tzitzimitl!
Vehumet accepts your kill.
You feel your power returning.
There is a stone staircase leading up here.
You are confused.
You feel invigorated.
A golden eye comes into view.
The golden eye turns its gaze towards you.
You feel less invigorated.
You feel less confused. The golden eye blinks at you.
You resist with almost no effort.
You fly upwards.
There is a stone staircase leading down here.
You see here a jackal skeleton.
Aiming: Dig
Press: ? - help, Shift-Dir - straight line This square is covered in magical glow.
The rock shatters into small pieces.
There is a staircase leading out of the dungeon here.
You have escaped!

## ##.......## ##.###......>.....
# ##.........## #..##.........###
###...........####.##.........#
##......#......###..#.........#
#......###......###.#.........#
......## ##......##.#.........#
.....## ##......#.#####'#######
....## ##.......# #.........
>..## ##..@...# #......... ....##
##.......# #......... .....##
##......#.## #......... ......##
##......##..###.........
#......###......###.#............
##......#......###..#............
###...........####.##.....######.
# ##.........## #..##.....# ####.
## ##.......## ##.#######.###....


There were no monsters in sight!

Vanquished Creatures
  8 ancient liches
  Mennas (Depths:3)
  4 orbs of fire (Zot:5)
  Vv (Crypt:3)
  8 Killer Klowns
  Boris (Depths:4)
  Frederick (Vaults:5)
  A caustic shrike (Depths:3)
  5 curse toes
  11 golden dragons
  Nikola (Vaults:1)
  the Enchantress (Depths:4)
  Arachne (Spider:3)
  2 bone dragons
  A Tzitzimitl (D:2)
  2 electric golems (Zot:5)
  20 tentacled monstrosities
  3 hellephants (Zot:1)
  Mlioglotl (Spider:1)
  Jorgrun (Shoals:3)
  An Ice Fiend (D:4)
  A shard shrike skeleton (Crypt:3)
  25 Orb Guardians (Zot:5)
  Asterion (Spider:1)
  A walking crystal tome (Depths:3)
  4 deep elf blademasters (Elf:3)
  8 liches
  5 quicksilver dragons
  2 deep elf master archers (Elf:3)
  5 titans
  2 krakens
  7 ancient champions
  4 sphinxes
  Polyphemus (Shoals:2)
  An Executioner (D:4)
  Agnes (Spider:4)
  10 death cobs
  6 tengu reavers
  15 storm dragons
  5 draconian monks
  13 shadow dragons
  Kirke (D:12)
  A revenant (Crypt:2)
  Ilsuiw (Shoals:2)
  7 deep elf sorcerers
  Aizul (Depths:1)
  Louise (Shoals:2)
  9 fire giants
  8 frost giants
  2 caustic shrike zombies (Depths:2)
  2 imperial myrmidons (Desolation)
  2 daevas
  4 iron dragons
  The ghost of Rudyous the Destroyer, a journeyman DsFE of Vehumet (Spider:1)
  8 draconian knights
  8 draconian scorchers
  9 ghost moths
  5 ghouls
  2 deep elf elementalists (Elf:3)
  4 draconian shifters
  4 orc warlords
  2 curse skulls
  7 emperor scorpions
  4 draconian stormcallers
  19 vault wardens
  3 spriggan defenders (Depths:4)
  12 very ugly things
  10 draconian annihilators
  7 war gargoyles
  13 ironbound preservers
  A broodmother (Spider:4)
  3 reapers
  22 stone giants
  4 vampire knights
  A lorocyproca (D:15)
  3 ironbound thunderhulks
  24 green draconians
  5 caustic shrike skeletons (Crypt:3)
  19 yellow draconians
  Nessos (D:14)
  7 deep elf demonologists
  17 red draconians
  2 halazid warlocks (Desolation)
  9 black draconians
  10 dire elephants
  4 spark wasps
  14 white draconians
  8 deep elf annihilators
  14 purple draconians
  A minotaur (Gauntlet)
  12 merfolk impalers
  5 eidola
  7 deep elf death magi
  A green death (Depths:2)
  14 ettins
  5 crystal guardians
  7 jiangshi (Crypt:1)
  4 merfolk javelineers
  2 blizzard demons
  12 fire dragons
  Josephine (D:14)
  The ghost of Zinwir the Markskobold, a journeyman KoHu of Hepliaklqana (Lair:4)
  11 deep elf high priests
  9 hydras
  3 ragged hierophants (Desolation)
  6 entropy weavers
  3 great orbs of eyes
  18 yaktaur captains
  8 peacekeepers
  36 vault guards
  Fannar (D:10)
  6 ogre magi
  7 servants of whispers (Desolation)
  5 ice dragons
  4 rakshasas
  2 merfolk avatars
  3 spriggan air magi (Depths:4)
  9 ironbound frosthearts
  A hell beast (D:4)
  2 spriggan skeletons (Crypt:3)
  An anaconda (shapeshifter) (Vaults:2)
  16 boulder beetles
  2 catoblepae
  11 centaur warriors
  28 two-headed ogres
  A bennu zombie (Crypt:2)
  A jorogumo (Spider:4)
  7 merfolk aquamancers
  3 alligator snapping turtles
  14 dancing weapons
  2 radroaches
  A satyr (Shoals:2)
  11 deep troll shamans
  2 death yaks (Shoals:2)
  7 deep troll earth magi
  4 spriggan berserkers
  6 tengu warriors
  2 vampire magi (Crypt:1)
  A death scarab (Crypt:1)
  A titan zombie (Crypt:1)
  A sun demon (Depths:1)
  3 spriggans
  10 hell knights
  3 soul eaters
  A storm dragon zombie (Crypt:3)
  An orc high priest (Elf:3)
  10 skysharks
  8 deep elf knights
  5 titan skeletons (Crypt:3)
  An anaconda zombie (Crypt:1)
  A skyshark (shapeshifter) (Vaults:4)
  2 shadow wraiths
  5 iron trolls
  7 pharaoh ants
  A sixfirhy (Depths:2)
  23 skeletal warriors
  An orb spider (shapeshifter) (Depths:3)
  A glowing orange brain (Depths:2)
  45 deep trolls
  A bog body (Crypt:2)
  2 flayed ghosts
  12 sea snakes
  5 lindwurms
  8 orb spiders
  11 phantasmal warriors
  4 steelbarb worms
  21 deep elf pyromancers
  Pikel (D:9)
  22 harpies
  28 ironbound convokers
  15 necromancers
  An obsidian statue (Zot:5)
  7 orc knights
  9 deep elf archers
  11 wizards
  17 ugly things
  A harpy (shapeshifter) (D:14)
  2 golden dragon skeletons
  23 wolf spiders
  23 deep elf zephyrmancers
  A cyclops (shapeshifter) (Vaults:5)
  A wolf spider (shapeshifter) (Vaults:4)
  2 oklob plants
  An iron dragon zombie (Crypt:2)
  A fire giant zombie (Vaults:4)
  21 fauns
  An orc sorcerer (Orc:1)
  A salamander (Lair:1)
  11 cyclopes
  24 manticores
  A manticore (shapeshifter) (D:14)
  Maurice (D:11)
  33 moths of wrath
  An iron dragon skeleton (Crypt:3)
  A moth of wrath (shapeshifter) (Vaults:5)
  12 black mambas
  A fire giant skeleton (Depths:2)
  An ice statue (D:13)
  18 vault sentinels
  13 merfolk sirens
  A smoke demon (D:4)
  5 water nymphs
  3 guardian serpents
  2 frost giant skeletons
  3 demonic crawlers
  A rust devil (D:4)
  3 human skeletons (Vaults:4)
  A torpor snail (Lair:5)
  7 elephants
  2 stone giant skeletons (Vaults:2)
  A molten gargoyle (Desolation)
  An eye of devastation (Vaults:1)
  2 dire elephant skeletons (Crypt:3)
  A centaur skeleton (Crypt:3)
  A gargoyle (D:13)
  2 human zombies
  A titan simulacrum (Depths:2)
  An orange demon (Zot:4)
  5 rime drakes
  A black draconian zombie (Crypt:3)
  20 cane toads
  An orb spider zombie (Crypt:1)
  A kobold demonologist (D:13)
  An elf skeleton (Vaults:4)
  2 unseen horrors (D:12)
  A yaktaur (shapeshifter) (Vaults:5)
  A purple draconian skeleton (Crypt:1)
  2 tormentors (D:4)
  27 yaktaurs
  5 guardian mummies (Crypt:3)
  A freezing wraith (Crypt:1)
  13 komodo dragons
  4 tengu conjurers
  26 merfolk
  6 wind drakes
  5 meliai
  5 polar bears
  A queen bee (shapeshifter) (Depths:4)
  6 trolls
  4 tyrant leeches (Spider:3)
  26 tarantellas
  2 queen bees
  36 saltlings
  13 snapping turtles
  A culicivora zombie (Crypt:1)
  A wolf spider simulacrum (Gauntlet)
  14 blink frogs
  A harpy skeleton (Crypt:3)
  A hydra skeleton (Crypt:3)
  41 jumping spiders
  42 slime creatures
  14 hornets
  4 dream sheep (Shoals:3)
  2 flying skulls
  9 wraiths
  4 air elementals
  17 culicivoras
  An ettin skeleton (Crypt:2)
  2 wyverns
  A black mamba zombie (Crypt:1)
  A ynoxinul (Depths:2)
  4 fire elementals
  55 yaks
  A basilisk (shapeshifter) (Elf:3)
  59 redbacks
  14 water elementals
  26 humans
  2 basilisks
  5 hogs (D:12)
  4 steam dragons
  9 vampire mosquitoes
  A redback simulacrum (Gauntlet)
  A yaktaur simulacrum (Vaults:2)
  5 small abominations (Gauntlet)
  A faun zombie (Crypt:3)
  3 wargs (Orc:1)
  2 acid dragons
  An entropy weaver zombie (Vaults:2)
  A hydra simulacrum (Gauntlet)
  2 large abominations
  A water nymph skeleton (Crypt:3)
  Duvessa (D:4)
  18 water moccasins
  A floating eye (Depths:2)
  5 hell hounds (Depths:1)
  3 naga skeletons (Crypt:3)
  18 ice beasts
  30 orc warriors
  5 black bears
  11 wolves
  22 ogres
  9 boggarts (D:14)
  14 centaurs
  A lemure (D:9)
  A swamp dragon skeleton (Crypt:2)
  A phantom (D:7)
  5 kobold brigands
  Blork the orc (D:6)
  14 bullfrogs
  4 earth elementals
  5 necrophages
  4 scorpions
  23 wights
  A queen bee zombie (Crypt:2)
  Dowan (D:4)
  A warg skeleton (Crypt:2)
  20 killer bees
  11 howler monkeys
  6 electric eels
  A wolf skeleton (Crypt:2)
  A human simulacrum (Vaults:4)
  7 hounds
  3 jellies (D:6)
  Crazy Yiuf (D:7)
  A bullfrog skeleton (Crypt:3)
  A bullfrog zombie (Crypt:3)
  13 orc priests
  A gnoll bouda (Orc:1)
  An iguana (D:6)
  16 orc wizards
  7 mummies (Crypt:3)
  9 adders
  6 gnolls
  A swamp drake zombie (Crypt:3)
  2 shadow imps
  A white imp (D:8)
  3 ufetubi
  An iguana skeleton (Crypt:3)
  2 worms
  3 dart slugs
  80 orcs
  7 ball pythons
  2 endoplasms
  5 giant cockroaches
  15 goblins
  9 hobgoblins
  4 jackals
  3 quokkas
  A ball python zombie (Crypt:1)
  4 bats
  A dart slug zombie (Crypt:2)
  An endoplasm zombie (Crypt:1)
  2 frilled lizards (D:2)
  A hobgoblin zombie (Crypt:1)
  24 kobolds
  5 rats
  A rat zombie (Crypt:1)
  A bush (Lair:5)
  5 tentacles
2437 creatures vanquished.

Vanquished Creatures (others)
  A shadow dragon (Vaults:5)
  A red draconian (Zot:4)
  A deep elf pyromancer (Elf:1)
  2 hogs (D:12)
  A redback (Spider:4)
  An ogre (Vaults:5)
  A bush (Shoals:4)
  101 fungi
  268 plants
  8 tentacles
385 creatures vanquished.

Grand Total: 2822 creatures vanquished

Notes
Turn   | Place    | Note
-------+----------+-------------------------------------------
     0 | D:1      | Lobster4 the Human Conjurer began the quest for the Orb.
     0 | D:1      | Reached XP level 1. HP: 13/13 MP: 3/3
   215 | D:1      | Reached XP level 2. HP: 20/20 MP: 0/5
   218 | D:1      | Learned a level 2 spell: Searing Ray
  1028 | D:2      | Reached XP level 3. HP: 25/25 MP: 6/6
  1213 | D:2      | Reached skill level 1 in Armour
  1274 | D:2      | Reached skill level 1 in Fighting
  1716 | D:2      | Reached XP level 4. HP: 32/32 MP: 3/7
  2273 | D:2      | Learned a level 2 spell: Blink
  2582 | D:3      | Found Iblax's Book Shop.
  2814 | D:3      | Reached XP level 5. HP: 11/37 MP: 0/9
  3065 | D:3      | Reached skill level 1 in Maces & Flails
  3170 | D:3      | Reached skill level 1 in Translocations
  3446 | D:3      | Found a faded altar of an unknown god.
  3611 | D:4      | Noticed Duvessa
  3617 | D:4      | Noticed Dowan
  3627 | D:4      | Killed Duvessa
  3628 | D:4      | Reached XP level 6. HP: 44/44 MP: 4/10
  3635 | D:4      | Killed Dowan
  4087 | D:4      | Found a staircase to the Ecumenical Temple.
  4102 | Temple   | Entered the Ecumenical Temple
  4110 | Temple   | Became a worshipper of Vehumet
  4159 | D:4      | Reached XP level 7. HP: 50/50 MP: 3/11
  4551 | D:5      | Entered Level 5 of the Dungeon
  4552 | D:5      | Found Lugydodi's Distillery.
  4557 | D:5      | Found Zeetav's Jewellery Shoppe.
  4637 | D:5      | Bought 2 potions of degeneration for 26 gold pieces
  4640 | D:5      | Bought a potion of curing for 39 gold pieces
  4640 | D:5      | Bought a potion of haste for 130 gold pieces
  4640 | D:5      | Bought a potion of lignification for 39 gold pieces
  4660 | D:5      | Reached skill level 5 in Conjurations
  4843 | D:5      | Reached XP level 8. HP: 58/58 MP: 4/13
  5025 | D:5      | Found Ladghewia's Antique Weapon Boutique.
  5255 | D:5      | Found a burning altar of Makhleb.
  5357 | D:5      | Found Nacruj's Antique Armour Shop.
  5362 | D:5      | Found Nuuhil's General Store.
  5367 | D:5      | Bought a potion of invisibility for 96 gold pieces
  5674 | D:6      | Reached skill level 6 in Conjurations
  5697 | D:6      | Reached XP level 9. HP: 10/63 MP: 12/16
  6005 | D:6      | Reached skill level 5 in Spellcasting
  6012 | D:6      | Reached skill level 5 in Armour
  6029 | D:6      | Learned a level 4 spell: Iskenderun's Mystic Blast
  6328 | D:6      | Noticed Blork the orc
  6335 | D:6      | Killed Blork the orc
  6369 | D:6      | Reached * piety under Vehumet
  6369 | D:6      | Offered knowledge of Sandblast by Vehumet.
  6372 | D:6      | Learned a level 1 spell: Sandblast
  6623 | D:7      | Noticed a cyclops
  6682 | D:7      | Identified a scroll of acquirement
  6682 | D:7      | Acquired the ring of Ifett {rC+ Int+2 SInv}
  6726 | D:7      | Reached skill level 5 in Translocations
  6755 | D:7      | Reached skill level 1 in Earth Magic
  7254 | D:8      | Noticed a komodo dragon
  7327 | D:7      | Reached skill level 7 in Conjurations
  7515 | D:7      | Killed a cyclops
  7699 | D:7      | Found a runed translucent door.
  7700 | D:7      | Noticed Crazy Yiuf
  7880 | D:7      | Killed Crazy Yiuf
  7952 | D:8      | Reached XP level 10. HP: 60/70 MP: 18/18
  8189 | D:8      | Killed a komodo dragon
  8345 | D:8      | Reached skill level 8 in Conjurations
  8482 | D:8      | Noticed a komodo dragon
  8494 | D:8      | Killed a komodo dragon
  8731 | D:8      | Reached skill level 5 in Earth Magic
  8861 | D:8      | Reached ** piety under Vehumet
  8861 | D:8      | Offered knowledge of Poisonous Vapours by Vehumet.
  8869 | D:8      | Reached skill level 9 in Conjurations
  8905 | D:8      | Reached XP level 11. HP: 10/75 MP: 22/22
  9240 | D:8      | Found a staircase to the Lair.
  9245 | D:8      | Learned a level 2 spell: Poisonous Vapours
  9409 | D:8      | Found a blossoming altar of Fedhas.
  9546 | D:8      | Found a glowing silver altar of Zin.
  9945 | D:9      | Found a flagged portal.
  9962 | Bailey   | Entered a bailey
  9969 | Bailey   | Noticed an orc warlord
 10185 | Bailey   | Offered knowledge of Stone Arrow by Vehumet.
 10190 | Bailey   | Learned a level 3 spell: Stone Arrow
 10232 | Bailey   | Found a runed translucent gate.
 10235 | Bailey   | Found a runed translucent gate.
 10236 | Bailey   | Found a runed translucent gate.
 10482 | Bailey   | Killed an orc warlord
 10483 | Bailey   | Reached skill level 1 in Throwing
 10483 | Bailey   | Reached skill level 1 in Air Magic
 10483 | Bailey   | Reached skill level 1 in Poison Magic
 10483 | Bailey   | Reached skill level 1 in Evocations
 10615 | D:9      | Reached XP level 12. HP: 84/84 MP: 24/24
 10671 | D:9      | Noticed Pikel
 10695 | D:9      | Found Xuaram's General Store.
 10704 | D:9      | Found a hide-covered altar of Uskayaw.
 10723 | D:9      | Bought a potion of mutation for 128 gold pieces
 10723 | D:9      | Bought a scroll of blinking for 120 gold pieces
 10774 | D:9      | Found Cifunako's Assorted Antiques.
 10782 | D:9      | Bought a scroll of identify for 70 gold pieces
 10837 | D:9      | Reached skill level 10 in Conjurations
 10856 | D:9      | Killed Pikel
 10857 | D:9      | Reached skill level 5 in Dodging
 10915 | D:9      | Found an iron altar of Okawaru.
 10954 | D:9      | Found Xuisof's Antique Armour Emporium.
 10956 | D:9      | Found Muheunirea's Armour Shoppe.
 11018 | D:9      | Reached *** piety under Vehumet
 11019 | D:9      | Reached skill level 5 in Fighting
 11104 | D:9      | Found an opulent altar of Gozag.
 11298 | D:9      | Found Adevow's Jewellery Shop.
 11593 | D:9      | Offered knowledge of Inner Flame by Vehumet.
 11931 | Lair:1   | Entered Level 1 of the Lair of Beasts
 12120 | Lair:1   | Noticed a boulder beetle
 12129 | Lair:1   | Killed a boulder beetle
 12487 | Lair:1   | Reached XP level 13. HP: 93/93 MP: 26/26
 13259 | Lair:2   | Reached **** piety under Vehumet
 13422 | Lair:2   | Offered knowledge of Sticky Flame by Vehumet.
 13428 | Lair:2   | Learned a level 4 spell: Sticky Flame
 13605 | Lair:2   | Noticed a five-headed hydra
 13928 | Lair:1   | Reached skill level 11 in Conjurations
 14304 | Lair:2   | Found a hole to the Spider Nest.
 14427 | Lair:2   | Killed a five-headed hydra
 14432 | Lair:2   | Acquired the +1 cloak of Card Tricks {Fly rF+}
 14507 | Lair:2   | Identified the +2 plate armour of Dice, Bag, and Bottle
                  | {Regen+ rCorr Str+3 Dex+3}
 15127 | Lair:3   | Found a staircase to the Shoals.
 15133 | Lair:3   | Reached skill level 10 in Spellcasting
 15293 | Lair:3   | Identified the +6 quarterstaff "Dohadygo" {vamp, rPois MP+9
                  | Int-3}
 15514 | Lair:3   | Identified the amulet of Coyrph {Reflect rC- rN+ Str-2
                  | Dex+5 SH+5}
 15572 | Lair:3   | Reached skill level 1 in Fire Magic
 15694 | Lair:3   | Noticed a six-headed hydra
 15705 | Lair:3   | Killed a six-headed hydra
 15749 | Lair:3   | Reached XP level 14. HP: 103/103 MP: 28/28
 16228 | Lair:4   | Reached ***** piety under Vehumet
 16228 | Lair:4   | Offered knowledge of Ozocubu's Refrigeration by Vehumet.
 16239 | Lair:4   | Learned a level 7 spell: Ozocubu's Refrigeration
 16394 | Lair:4   | Reached skill level 1 in Ice Magic
 16590 | Lair:4   | You are sucked into a shaft and drop 1 floor!
 16590 | Lair:5   | Entered Level 5 of the Lair of Beasts
 16933 | Lair:5   | Paralysed by a hornet for 3 turns
 17196 | Lair:5   | Paralysed by a hornet for 3 turns
 17206 | Lair:5   | Reached skill level 5 in Maces & Flails
 17614 | Lair:4   | Found a radiant altar of Vehumet.
 17631 | Lair:4   | Reached skill level 12 in Conjurations
 17858 | Lair:4   | Found a transporter.
 17864 | Lair:4   | Found a transporter.
 17864 | Lair:4   | Noticed Zinwir's ghost (journeyman KoHu)
 18399 | Lair:5   | Reached skill level 10 in Armour
 18472 | Lair:5   | Found a viscous altar of Jiyva.
 18472 | Lair:5   | Found a staircase to the Slime Pits.
 18770 | Lair:5   | Reached XP level 15. HP: 112/112 MP: 28/29
 19715 | D:10     | Entered Level 10 of the Dungeon
 19787 | D:10     | Found a shadowy altar of Dithmenos.
 19809 | D:10     | You are sucked into a shaft and drop 3 floors!
 19962 | D:13     | Found a white marble altar of Elyvilon.
 19964 | D:13     | Found a gate leading to a gauntlet.
 19976 | Gauntlet | Entered a Gauntlet
 19976 | Gauntlet | Found a transporter.
 19983 | Gauntlet | Found a transporter.
 19985 | Gauntlet | Found a transporter.
 19999 | Gauntlet | Found a transporter.
 20008 | Gauntlet | Found a transporter.
 20029 | Gauntlet | Found a transporter.
 20040 | Gauntlet | Found a transporter.
 20052 | Gauntlet | Found a transporter.
 20071 | Gauntlet | Found a transporter.
 20085 | Gauntlet | Found a transporter.
 20085 | Gauntlet | Found a transporter.
 20133 | Gauntlet | Found a transporter.
 20141 | Gauntlet | Found a runed translucent door.
 20145 | Gauntlet | Found a runed translucent door.
 20147 | Gauntlet | Found a transporter.
 20186 | Gauntlet | Found a transporter.
 20472 | Gauntlet | Identified the +1 hat of Patterns {rN+ Int-5 Slay+3}
 20648 | Gauntlet | Identified the +1 pair of boots of Oblo {rF+ rN+}
 20648 | Gauntlet | Identified the +4 war axe of Entrepreneurial Spirit {drain,
                  | rElec}
 20926 | D:13     | Learned a level 5 spell: Lee's Rapid Deconstruction
 20952 | D:13     | Reached skill level 1 in Axes
 21050 | D:13     | Offered knowledge of Olgreb's Toxic Radiance by Vehumet.
 21065 | D:13     | Learned a level 4 spell: Olgreb's Toxic Radiance
 21229 | D:12     | Reached skill level 5 in Ice Magic
 22071 | D:10     | Found a staircase to the Orcish Mines.
 22173 | D:10     | Found an ornate altar of the Wu Jian Council.
 22281 | D:10     | Noticed Fannar
 22291 | D:10     | Killed Fannar
 22477 | Orc:1    | Entered Level 1 of the Orcish Mines
 22754 | Orc:1    | Paralysed by an orc sorcerer for 3 turns
 22936 | Orc:2    | Entered Level 2 of the Orcish Mines
 22954 | Orc:2    | Reached ****** piety under Vehumet
 22954 | Orc:2    | Offered knowledge of Fireball by Vehumet.
 22961 | Orc:2    | Reached XP level 16. HP: 103/120 MP: 19/31
 22971 | Orc:2    | Reached skill level 13 in Conjurations
 23163 | Orc:2    | Found Buirikoo's Assorted Antiques.
 23163 | Orc:2    | Found Hupa's General Store.
 23164 | Orc:2    | Found Foushoci's General Store.
 23164 | Orc:2    | Found Unara's Assorted Antiques.
 23171 | Orc:2    | Bought a scroll labelled REASHR WERGH for 29 gold pieces
 23234 | Orc:2    | Found a staircase to the Elven Halls.
 24123 | D:11     | Noticed Maurice
 24131 | D:11     | Killed Maurice
 24278 | D:11     | Found a bloodstained altar of Trog.
 25023 | D:12     | Found a shimmering altar of Xom.
 25186 | D:12     | Reached skill level 10 in Fighting
 25264 | D:12     | Offered knowledge of Conjure Ball Lightning by Vehumet.
 25519 | D:12     | Noticed Kirke
 25540 | D:12     | Killed Kirke
 25541 | D:12     | Reached skill level 1 in Necromancy
 26043 | D:13     | Reached skill level 5 in Poison Magic
 26044 | D:13     | Found a gate to the Vaults.
 26437 | D:13     | Noticed a frost giant
 26468 | D:13     | Killed a frost giant
 26882 | D:14     | Reached XP level 17. HP: 114/128 MP: 25/32
 26921 | D:14     | Noticed Josephine
 26932 | D:14     | Killed Josephine
 27246 | D:14     | Identified the +2 war axe of Kaaf {speed, rF+ Str+2}
 27274 | D:14     | Found Iptej's Tremendous Tomes.
 27405 | D:14     | Noticed Nessos
 27411 | D:14     | Paralysed by Nessos for 2 turns
 27426 | D:14     | Killed Nessos
 27925 | D:15     | Entered Level 15 of the Dungeon
 28263 | D:15     | Reached skill level 5 in Axes
 28595 | D:15     | Offered knowledge of Starburst by Vehumet.
 28609 | D:15     | Learned a level 6 spell: Starburst
 28924 | D:15     | Found a staircase to the Depths.
 29957 | D:5      | Bought a ring of willpower for 250 gold pieces
 30139 | Elf:1    | Entered Level 1 of the Elven Halls
 30364 | D:9      | Bought a creamy pearl robe for 171 gold pieces
 30364 | D:9      | Identified the +1 robe "Osacagaeng" {+Inv rF+ rCorr} (You
                  | bought it in a shop on level 9 of the Dungeon)
 31269 | Elf:1    | Identified the +8 short sword "Ywnupise" {freeze, rElec
                  | Int+6 Dex-2 Stlth+}
 32516 | Elf:2    | Reached XP level 18. HP: 123/136 MP: 25/34
 32529 | Elf:2    | Paralysed by an air elemental for 1 turns
 32842 | Elf:2    | Paralysed by an air elemental for 1 turns
 33024 | Elf:2    | Found Megob's General Store.
 33079 | Elf:2    | Reached skill level 10 in Dodging
 33262 | Elf:2    | Reached skill level 1 in Short Blades
 33398 | Elf:2    | Found a runed translucent gate.
 33399 | Elf:2    | Found a runed translucent gate.
 33399 | Elf:2    | Found a runed translucent gate.
 33445 | Elf:3    | Entered Level 3 of the Elven Halls
 33715 | Elf:3    | Offered knowledge of Arcjolt by Vehumet.
 34008 | Elf:3    | Found Omoetou's General Store.
 34883 | Elf:3    | Noticed a deep elf blademaster
 35064 | Elf:3    | Noticed a deep elf master archer
 35078 | Elf:3    | Killed a deep elf master archer
 35922 | Elf:3    | Noticed a deep elf blademaster
 35931 | Elf:3    | Killed a deep elf blademaster
 36204 | Elf:3    | Killed a deep elf blademaster
 36380 | Elf:3    | Noticed a deep elf blademaster
 36469 | Elf:3    | Identified the +10 hand axe of Crystal {venom, rC+ Str+2}
 36479 | Elf:3    | Killed a deep elf blademaster
 36498 | Elf:3    | Reached skill level 14 in Conjurations
 36504 | Elf:3    | Noticed an Ice Fiend
 36725 | Elf:3    | Reached skill level 5 in Necromancy
 36794 | Elf:3    | Paralysed by an air elemental for 1 turns
 36797 | Elf:3    | Offered knowledge of Ignition by Vehumet.
 36797 | Elf:3    | Paralysed by an air elemental for 1 turns
 36799 | Elf:3    | Noticed a deep elf master archer
 36928 | Elf:3    | Killed a deep elf master archer
 36929 | Elf:3    | Reached skill level 5 in Fire Magic
 37339 | Elf:3    | Reached XP level 19. HP: 93/144 MP: 22/35
 37479 | Elf:3    | Identified the +5 quarterstaff of Ifoumu {freeze, Will+
                  | Int+3}
 37620 | Elf:3    | Noticed a deep elf blademaster
 37630 | Elf:3    | Killed a deep elf blademaster
 37811 | Elf:3    | Got the Discursus on Attendants and Turbulence
 37823 | Elf:3    | Identified the +0 buckler of Subjectivity {Drain rC+++ rN+
                  | Dex+3}
 37825 | Elf:3    | Identified the +8 short sword "Onyam" {freeze, rElec Int+3
                  | Stlth+}
 37839 | Elf:3    | Identified the staff of conjuration "Cekem" {rPois}
 37843 | Elf:3    | Got the Catalogue of Amorphous Spellbinding
 37847 | Elf:3    | Got Vutei's Foundations of Witchcraft
 37854 | Elf:3    | Identified the staff of air "Zeuk" {rElec rCorr Str+3
                  | Int+5}
 37859 | Elf:3    | Identified the staff of conjuration "Feff" {rPois rF+ Int+5
                  | Dex-5}
 37862 | Elf:3    | Identified the staff of death "Witoch" {rN+ MP+9 Str+5
                  | Stlth+}
 37867 | Elf:3    | Got the Octavo of Congelation
 38169 | D:5      | Bought a glowing leather armour for 105 gold pieces
 38195 | D:5      | Bought a potion of haste for 130 gold pieces
 38195 | D:5      | Bought a potion of experience for 650 gold pieces
 38195 | D:5      | Reached XP level 20. HP: 151/151 MP: 36/36
 38793 | Spider:1 | Entered Level 1 of the Spider Nest
 38793 | Spider:1 | Found a large runed translucent door.
 38793 | Spider:1 | Found a large runed translucent door.
 39111 | Spider:1 | Noticed Mlioglotl
 39122 | Spider:1 | Paralysed by accursed screaming for 1 turns
 39141 | Spider:1 | Killed Mlioglotl
 39780 | Spider:1 | Noticed Asterion
 39797 | Spider:1 | Killed Asterion
 39813 | Spider:1 | HP: 4/151 [Asterion the minotaur simulacrum (18)]
 40682 | Spider:1 | Noticed Rudyous's ghost (journeyman DsFE)
 40894 | Spider:2 | Offered knowledge of Shatter by Vehumet.
 40894 | Spider:2 | Offered knowledge of Chain Lightning by Vehumet.
 40894 | Spider:2 | Offered knowledge of Polar Vortex by Vehumet.
 43443 | Spider:3 | Noticed Arachne
 43882 | Spider:3 | Killed Arachne
 44354 | Spider:3 | Identified the ring of Vuphouck {Fly rElec rF+ rN+ Dex+6}
 44490 | Spider:4 | Entered Level 4 of the Spider Nest
 45186 | Spider:4 | Reached XP level 21. HP: 159/159 MP: 5/38
 45760 | Spider:4 | Noticed Agnes
 45768 | Spider:4 | Killed Agnes
 47597 | Spider:4 | Reached skill level 10 in Earth Magic
 47776 | Spider:4 | Paralysed by a hornet for 2 turns
 48026 | Spider:4 | Got a gossamer rune of Zot
 48284 | Spider:1 | Killed Rudyous's ghost
 48292 | Spider:1 | Identified the staff of death "Niode" {rN+ Stlth+}
 48296 | Spider:1 | Identified the staff of cold "Zisim" {rF+ rC+ rN+ Str+3}
 48307 | Spider:1 | Learned a level 5 spell: Borgnjor's Vile Clutch
 48403 | Lair:4   | Killed Zinwir's ghost
 48601 | Shoals:1 | Entered Level 1 of the Shoals
 49053 | Shoals:1 | Reached skill level 10 in Ice Magic
 49729 | Shoals:2 | Noticed Ilsuiw
 49753 | Shoals:2 | Killed Ilsuiw
 50262 | Shoals:2 | Noticed Louise
 50278 | Shoals:2 | Killed Louise
 50283 | Shoals:2 | Reached skill level 15 in Conjurations
 50884 | Shoals:2 | Noticed Polyphemus
 50895 | Shoals:2 | Killed Polyphemus
 53173 | Shoals:3 | Identified the +3 buckler "Padgh" {rF+ Str+8 Int-2 Stlth-}
 53325 | Shoals:3 | Reached XP level 22. HP: 126/168 MP: 17/39
 53537 | Shoals:3 | Noticed Jorgrun
 53551 | Shoals:3 | Killed Jorgrun
 54859 | Shoals:4 | Entered Level 4 of the Shoals
 56947 | Shoals:4 | Got a barnacled rune of Zot
 58160 | Vaults:1 | Entered Level 1 of the Vaults
 59119 | Vaults:1 | Got Zuosuosoj's Treatise on the Arctic Faeries
 59544 | Vaults:1 | Noticed Nikola
 59552 | Vaults:1 | Killed Nikola
 59903 | Vaults:1 | Reached XP level 23. HP: 177/177 MP: 6/41
 60189 | Vaults:1 | Reached skill level 16 in Conjurations
 61840 | Vaults:2 | Learned a level 6 spell: Iron Shot
 64040 | Vaults:3 | Found a crumbling gateway.
 64098 | Desolati | Entered the Desolation of Salt
 64402 | Desolati | Reached skill level 15 in Spellcasting
 64578 | Desolati | Got Unibur's Compendium of Intoxication and Debased Spells
 64586 | Desolati | Got the Almanac of the Valley and Summoning
 64588 | Desolati | Got the Tome of Arcane Weapons
 64591 | Desolati | Identified the amulet "Ligouna" {RegenMP rF+ Dex+3}
 64597 | Desolati | Identified the +6 short sword "Buluf" {flame, rN+ Str+3
                  | Int-3}
 64790 | Desolati | Found the +3 giant club "Skullcrusher" {speed, Str+7}
 64804 | Desolati | Identified the amulet "Qupymom" {Acrobat Str+4}
 65209 | Desolati | Identified the ring "Huyhi" {Slay+2 SInv}
 65212 | Desolati | Identified the +5 longbow "Trog's Indignation" {heavy, rN+
                  | Stlth+}
 65575 | Desolati | Identified the +9 war axe "Cuuch" {protect, Stlth+}
 65575 | Desolati | Identified the +1 scale mail "Feeskeis" {rPois SInv}
 65575 | Desolati | Identified the ring of Okawaru's Castigation {MP+9 Str+2
                  | Int+3 SInv}
 65578 | Desolati | Reached skill level 15 in Armour
 66616 | Vaults:3 | Reached XP level 24. HP: 72/187 MP: 7/42
 66929 | Vaults:3 | Reached skill level 1 in Shields
 68489 | Vaults:3 | Found a staircase to the Crypt.
 70051 | Vaults:4 | Reached skill level 1 in Staves
 70210 | Vaults:4 | Reached skill level 17 in Conjurations
 70372 | Vaults:4 | Reached skill level 15 in Fighting
 72130 | Crypt:1  | Entered Level 1 of the Crypt
 73662 | Crypt:1  | Reached skill level 5 in Short Blades
 75696 | Crypt:2  | Noticed Zenata
 76115 | Crypt:3  | Entered Level 3 of the Crypt
 76416 | Crypt:3  | Reached XP level 25. HP: 195/195 MP: 28/42
 79243 | Crypt:3  | Found a staircase to the Tomb.
 79545 | Crypt:3  | Identified the +1 robe of Nihilism {Dex+3 Stlth+}
 79766 | Crypt:3  | Noticed Vv
 80720 | Crypt:3  | Reached skill level 5 in Shields
 82016 | Crypt:3  | Noticed an ancient lich
 82020 | Crypt:3  | Killed an ancient lich
 82146 | Crypt:3  | Killed Vv
 82207 | Crypt:3  | Identified the +8 scimitar of Dithmenos's Hatred {drain,
                  | rN+ Str+3 Int+3}
 82216 | Crypt:3  | Identified the +7 chain mail "Sucwek" {rCorr Stlth+}
 82530 | Depths:1 | Entered Level 1 of the Depths
 82530 | Depths:1 | Found Uhy Aqou's Distillery.
 82706 | Depths:1 | Bought a potion of heal wounds for 110 gold pieces
 82706 | Depths:1 | Bought a potion of heal wounds for 110 gold pieces
 83238 | Depths:1 | Found Tumebri's Serpentskin Sales.
 83421 | Depths:1 | Noticed Aizul
 83428 | Depths:1 | Killed Aizul
 83702 | Depths:1 | Found a one-way gate to the infinite horrors of the Abyss.
 84597 | Depths:1 | Found a gateway to Hell.
 85704 | Depths:2 | Reached XP level 26. HP: 204/204 MP: 37/43
 85814 | Depths:2 | Found a one-way gateway to a ziggurat.
 86402 | Depths:2 | Found a one-way gate leading to the halls of Pandemonium.
 87900 | Depths:3 | Learned a level 3 spell: Swiftness
 88475 | Depths:2 | Reached skill level 18 in Conjurations
 89054 | Depths:3 | Found Gidueru's Weapon Shop.
 89238 | Depths:3 | Reached skill level 10 in Poison Magic
 89720 | Depths:3 | Noticed Mennas
 90581 | Depths:3 | Killed Mennas
 90582 | Depths:3 | Reached skill level 5 in Evocations
 90977 | Depths:4 | Entered Level 4 of the Depths
 91532 | Depths:4 | Found Xovob's Antique Weapon Shoppe.
 91681 | Depths:4 | Noticed the Enchantress
 91718 | Depths:4 | Killed the Enchantress
 91869 | Depths:3 | Acquired 713 gold pieces
 91887 | Depths:4 | Found Celyfocua's Book Shoppe.
 91965 | Depths:4 | Found Rehop's Distillery.
 91973 | Depths:4 | Bought a potion of heal wounds for 85 gold pieces
 91973 | Depths:4 | Bought a potion of magic for 136 gold pieces
 91978 | Depths:4 | Noticed Boris
 92785 | Depths:4 | Found Fuuceh's Assorted Antiques.
 92824 | Depths:4 | Reached skill level 10 in Maces & Flails
 93067 | Depths:4 | Killed Boris
 93294 | Depths:4 | Reached skill level 15 in Earth Magic
 93294 | Depths:4 | Reached XP level 27. HP: 212/212 MP: 24/43
 93688 | Depths:4 | Found a gate to the Realm of Zot.
 94648 | Vaults:5 | Entered Level 5 of the Vaults
 94652 | Vaults:5 | Noticed an ancient lich
 94781 | Vaults:5 | Noticed Frederick
 94787 | Vaults:5 | Killed an ancient lich
 95660 | Vaults:5 | Noticed an ancient lich
 96600 | Vaults:5 | Identified the +4 hand axe of Earthquakes {drain, Fragile
                  | rN+ Str+3}
 97094 | Vaults:5 | Got the Elucidation of the Impact
 97101 | Vaults:5 | Learned a level 5 spell: Fireball
 97137 | Vaults:5 | Identified the +3 short sword "Cerosaxzub" {venom, +Blink
                  | rElec rN++ Int+3}
 97343 | Vaults:5 | Killed Frederick
 97840 | Vaults:5 | Killed an ancient lich
 98552 | Vaults:5 | Found Seeruhocs's Magic Scroll Shop.
 98564 | Vaults:5 | Found Ponaleps's Magic Scroll Shoppe.
 98564 | Vaults:5 | Found Xuschyllo's Distillery.
 98568 | Vaults:5 | Found Qafon's Distillery.
 99044 | Vaults:5 | Identified the +4 short sword of Guyrpho {freeze, rElec
                  | rF++ rCorr Stlth-}
 99144 | Vaults:5 | Found Irgho's Distillery.
 99175 | Vaults:5 | Found Walaobux's Distillery.
 99187 | Vaults:5 | Got a silver rune of Zot
 99246 | Vaults:5 | Bought 2 scrolls of acquirement for 2080 gold pieces
 99246 | Vaults:5 | Acquired 1027 gold pieces
 99248 | Vaults:5 | Acquired 821 gold pieces
 99250 | Vaults:5 | Bought a scroll of acquirement for 1040 gold pieces
 99251 | Vaults:5 | Acquired the staff of conjuration "Ihion" {rPois rCorr
                  | Int+3 Stlth+}
 99266 | Vaults:5 | Bought a potion of heal wounds for 70 gold pieces
 99280 | Vaults:5 | Bought a potion of heal wounds for 75 gold pieces
 99280 | Vaults:5 | Bought a potion of haste for 150 gold pieces
 99582 | Zot:1    | Entered Level 1 of the Realm of Zot
 99745 | Zot:1    | Reached skill level 19 in Conjurations
100990 | Zot:1    | Noticed a Killer Klown
101248 | Zot:1    | Killed a Killer Klown
101638 | Zot:1    | Reached skill level 15 in Dodging
101760 | Zot:1    | Noticed a Killer Klown
101769 | Zot:1    | Killed a Killer Klown
101928 | Zot:1    | Noticed a Killer Klown
101944 | Zot:1    | Killed a Killer Klown
102064 | Zot:1    | Noticed a Killer Klown
102064 | Zot:1    | Noticed a Killer Klown
102076 | Zot:1    | Killed a Killer Klown
102080 | Zot:1    | Killed a Killer Klown
103665 | Zot:3    | Reached skill level 10 in Necromancy
107479 | Zot:4    | Noticed Bucoetae's ghost (veteran OgBe)
107644 | Zot:4    | Reached skill level 20 in Conjurations
109007 | Zot:4    | Found a runed translucent gate.
109007 | Zot:4    | Found a runed translucent gate.
109007 | Zot:4    | Found a runed translucent gate.
109743 | Zot:5    | Entered Level 5 of the Realm of Zot
110126 | Zot:5    | Found a transporter.
110168 | Zot:5    | Found a transporter.
110240 | Zot:5    | Found a transporter.
110489 | Zot:5    | Found a transporter.
110919 | Zot:5    | Noticed an ancient lich
110930 | Zot:5    | Killed an ancient lich
111522 | Zot:5    | Noticed an orb of fire
111562 | Zot:5    | Killed an orb of fire
111761 | Zot:5    | Noticed an ancient lich
111773 | Zot:5    | Killed an ancient lich
112055 | Zot:5    | Noticed an orb of fire
112064 | Zot:5    | Killed an orb of fire
112253 | Zot:5    | Noticed an orb of fire
112258 | Zot:5    | Gained mutation: You are clumsy. (Dex -2) [an orb of fire]
112260 | Zot:5    | Killed an orb of fire
112481 | Zot:5    | Noticed an ancient lich
112627 | Zot:5    | Noticed an ancient lich
112632 | Zot:5    | Killed an ancient lich
112730 | Zot:5    | Noticed a Killer Klown
112750 | Zot:5    | Killed a Killer Klown
113001 | Zot:5    | Noticed a Killer Klown
113018 | Zot:5    | Noticed an orb of fire
113023 | Zot:5    | Noticed an ancient lich
113404 | Zot:5    | Killed a Killer Klown
113491 | Zot:5    | Noticed a Killer Klown
113497 | Zot:5    | Killed a Killer Klown
113532 | Zot:5    | Killed an orb of fire
113533 | Zot:5    | Reached skill level 21 in Conjurations
113722 | Zot:5    | Killed an ancient lich
114494 | Zot:5    | Killed an ancient lich
114891 | Zot:5    | Identified the +3 ring mail of the Snake Pit {Will+ Int-4
                  | Slay+3}
115208 | Zot:5    | Got the Orb of Zot
115279 | Zot:3    | Noticed Liaqeat the pandemonium lord
115592 | D:9      | Noticed Emmoc the pandemonium lord
115637 | D:6      | Noticed Lawegehy the pandemonium lord
115934 | D:$      | Escaped with the Orb!

Illustrated notes

Levels and vault maps discovered:
D:1:      dpeg_arrival_central, layout_basic
D:2:      layout_loops_cross
D:3:      layout_basic, shapermc_ecumenical_altar_mp_vishouse, serial_shops,
          nicolae_square_shop, minivault_24, kennysheep_orc_chapel
D:4:      layout_gridville, minmay_temple_entry_drinking_statues, serial_forest,
          infiniplex_forest_lined_2, infiniplex_forest_lined_3_way,
          infiniplex_forest_zigzag_1, infiniplex_forest_clump_medium,
          infiniplex_forest_clump_curved, infiniplex_forest_lined_2,
          uniq_duvessa
D:5:      cheibrodos_helix_gallery, layout_cave_pools,
          makhleb_blood_cavern_becter, serial_shops, shop, shop, shop, shop,
          nicolae_shop_gaudy_bauble
D:6:      minmay_recursive_quarters, layout_loops_ring, uniq_blork_the_orc
D:7:      layout_rooms, minmay_misc_feat_tower, uniq_crazy_yiuf_cottage
D:8:      layout_layer_cave, zin_treasury, nicolae_overflow_crystal_walls,
          due_lair_maze_entry_diamond
D:9:      layout_stronghold, mainiacjoe_overflow_boulevard,
          kennysheep_okawaru_gauntlet, mainiacjoe_overflow_chevrons,
          serial_shops, nicolae_shop_peninsula, shop, shop, shop, shop,
          enter_bailey_3, uniq_pikel
D:10:     layout_gridville, mainiacjoe_overflow_small_starburst,
          marbit_many_paths, orc_0_dummy, uniq_fannar
D:11:     layout_long_grid, trog_three_pillars_becter, uniq_maurice
D:12:     minmay_polygon_palace, layout_cave_pools, xom_confusion_cloud,
          uniq_kirke
D:13:     minmay_twisted_water, layout_rooms, grunt_vaults_entry_tiered,
          gauntlet_entry_generic, elyvilon_altar_4
D:14:     layout_loops_cross, minivault_23, nicolae_shop_i_like_big_books,
          uniq_nessos, uniq_josephine
D:15:     grunt_enter_depths_snipers, layout_loops_ring,
          chequers_serial_rivers_micro_b
Temple:   nicolae_temple_two_arcs
Lair:1:   layout_chaotic_city, amcnicky_mini_pool_medium, grunt_megastairs_3
Lair:2:   layout_small_grid, spider_nest_entry_a,
          chequers_serial_rivers_micro_c, lemuel_fruit_fields
Lair:3:   layout_roguey, minmay_shoals_entry_lonely_mermaid, lemuel_fruit_tree
Lair:4:   beast_lair_carwin_large_2, layout_cave_pods, basic_altar,
          gammafunk_ghost_hive, infiniplex_staircase_pool_2
Lair:5:   gammafunk_lair_ancient_temple, layout_gridlike, slime_entry_1,
          minmay_lair_oklob_items, patterned_corridor, serial_bayou_shore_a
Shoals:1: layout_shoals, nicolae_shoals_arrival_archipelago
Shoals:2: layout_shoals, st_sunken_huts, uniq_louise, uniq_ilsuiw,
          uniq_polyphemus
Shoals:3: layout_shoals, uniq_jorgrun
Shoals:4: shoals_end_simple, layout_shoals, yaktaur_hedge
Spider:1: layout_cave_pods, ebering_ghost_disaster_area, uniq_asterion,
          uniq_mlioglotl
Spider:2: nicolae_spider_mines_3
Spider:3: layout_spider_delve, hangedman_stitches_earthworm, uniq_arachne
Spider:4: spider_rune_water, uniq_agnes
Orc:1:    layout_caves
Orc:2:    st_orc_ogre_mass, layout_caves, nicolae_orc_bridge_out
Elf:1:    elf_arrival_002, layout_gridlike, minivault_28
Elf:2:    nicolae_elf_blades_splatter_lattice [nicolae_blade_tridents],
          layout_rooms, serial_shops, shop, nicolae_elf_crossing_hall
Elf:3:    minmay_elf_hall_circle, layout_loops_cross,
          minmay_checkered_concentric_circles, minmay_shop_star
Vaults:1: ontoclasm_vaults_gateway, nicolae_vaults_steering_wheel,
          grunt_vaults_funnel, nicolae_vaults_offset_grid_hallway_4,
          ontoclasm_vaults_eye, nicolae_vaults_more_shelving_1,
          st_greater_box_1, vaults_room_grunt_arrival_ludios,
          layout_vaults_maze_snakey, uniq_nikola
Vaults:2: nicolae_vaults_house_3, nicolae_vaults_angled_halls,
          hangedman_vaults_pinch, vaults_standard_mumra_x, v_misc_9,
          ontoclasm_vaults_gallery, ontoclasm_vaults_loading_screen,
          vaults_dpeg_diagonal, nicolae_vaults_network_star,
          ontoclasm_vaults_shuriken, hangedman_vaults_capsules,
          nicolae_vaults_heart-shaped_vault, nicolae_vaults_little_ls,
          nicolae_vaults_little_squares_5, vaults_room_stairs_pillars,
          ontoclasm_vaults_ring_square, layout_vaults_omnicross
Vaults:3: portal_desolation_entry_salt, nicolae_vaults_big_ls,
          nicolae_vaults_little_squares_3, nicolae_vaults_cochlea,
          nicolae_vaults_tangram_1, v_alt_pattern_6,
          nicolae_vaults_three_branches, nicolae_vaults_circle_grid_a,
          nicolae_vaults_yaktaur_gun_rack, minmay_crypt_entry_simple_walls,
          v_misc_3, layout_vaults_big_room
Vaults:4: nicolae_vaults_trapezoid_lopsided_1, ontoclasm_vaults_idyll,
          v_misc_31, v_pattern_1, v_misc_11, nicolae_vaults_lightning_bolt,
          nicolae_vaults_shipping_containers_4, nicolae_vaults_tetromino_T_1,
          nicolae_vaults_offset_grid_hallway_4, layout_vaults_omnigrid
Vaults:5: uniq_frederick
Crypt:1:  layout_chaotic_city, serial_co_window_serial, co_window_corner_a,
          co_window_paths_b, co_window_corner_a, co_window_of_opportunity_a,
          co_window_paths_a, co_window_2corner, co_window_broadway_a,
          co_window_corner_ca, co_window_broadway_b, co_window_corner_b,
          glass_columns_c, glass_columns_c, glass_columns_a, glass_columns_b,
          hellmonk_scarab_ruin
Crypt:2:  layout_misc_corridors, st_stairs_9, amcnicky_mini_pool_small,
          minmay_misc_feat_rows, uniq_zenata
Crypt:3:  due_elkab, layout_chaotic_city, nicolae_tomb_entry_grand_gallery,
          minmay_misc_feat_five, palyth_stone_intersect, feat_on_display,
          uniq_vv
Depths:1: layout_cave_shapes, serial_shops, shop, abyss_entry, special_room
          [special_room_mythical_zoo], pf_hell_entry_great_geh,
          minmay_misc_feat_square, guppyfry_shop_venom,
          infiniplex_staircase_pool_lava, uniq_aizul
Depths:2: minmay_inside_and_out, layout_honeycomb, enter_ziggurat_f,
          rand_demon_pan_entry_5, pf_coc_iceberg
Depths:3: minmay_blocking_statues, layout_basic, abyss_entry_glasseish,
          hell_entry, serial_shops, nicolae_shop_bloodbath_and_beyond,
          infiniplex_staircase_door_maze, grunt_megastairs_5, uniq_mennas
Depths:4: grunt_zot_entry_alcove, layout_honeycomb, minmay_misc_feat_chi,
          hell_entry, serial_shops, nicolae_diamond_shop, nicolae_shop_crystal,
          nicolae_shop_window_shopping, shop, uniq_boris, uniq_enchantress
Zot:1:    circus_mu, layout_onion_interference
Zot:2:    layout_onion
Zot:3:    nicolae_moth_party, layout_basic, grunt_ministairs_13, uniq_josephina
Zot:4:    layout_gridlike, gammafunk_ghost_split
Zot:5:    layout_gridlike, nicolae_diode_intersection

Skill      XL: |  1  2  3  4  5  6  7  8  9 10 11 12 13 14 15 16 17 18 19 20 21 22 23 24 25 26 27 |
---------------+----------------------------------------------------------------------------------+-----
Armour         | 1 2 3 4 6 7 9 10 11 12 13 14 15 | 15.0
Fighting       | 1 2 3 4 5 7 8 9 10 11 12 13 14 15 16 20 | 20.0
Maces & Flails | 1 2 3 5 6 8 9 10 12 | 12.2
Translocations | 1 2 4 5 |  5.0
Dodging        | 3 4 5 7 8 9 10 11 12 13 15 | 15.0
Spellcasting   | 3 4 5 7 8 9 10 11 12 13 14 15 16 19 | 19.6
Conjurations   | 5 6 7 9 10 11 12 13 14 15 16 17 18 21 | 21.4
Earth Magic    | 2 5 6 7 8 9 10 11 12 13 14 15 18 | 18.9
Throwing       | 3 |  3.1
Air Magic      | 3 |  3.1
Poison Magic   | 3 5 6 7 8 9 10 | 10.0
Evocations     | 3 4 5 6 |  6.0
Fire Magic     | 1 3 5 7 |  7.0
Ice Magic      | 4 5 6 7 8 9 10 11 12 13 | 13.0
Axes           | 3 4 5 6 |  6.6
Necromancy     | 1 3 5 6 7 10 | 10.0
Short Blades   | 3 4 5 7 |  7.0
Shields        | 4 6 |  6.0
Staves         | 1 |  1.3
Stealth        | |  2.0

Action                     |  1- 3 |  4- 6 |  7- 9 | 10-12 | 13-15 | 16-18 | 19-21 | 22-24 | 25-27 || total
---------------------------+-------+-------+-------+-------+-------+-------+-------+-------+-------++-------
  Melee: Trident           |    28 |       |       |       |       |       |       |       |       ||    28
         Whip              |       |     3 |    11 |     7 |    38 |       |       |       |       ||    59
         War axe           |       |       |       |       |    15 |    13 |     3 |       |       ||    31
         Short sword       |       |       |       |       |       |     6 |       |   111 |       ||   117
         Staff             |       |       |       |       |       |       |   106 |    21 |     8 ||   135
  Throw: Dart              |       |     6 |     7 |    11 |     3 |     5 |     4 |     2 |     2 ||    40
         Javelin           |       |     1 |       |       |       |     1 |     2 |       |       ||     4
   Cast: Magic Dart        |    59 |    72 |    46 |   135 |    91 |    77 |    72 |    55 |    62 ||   669
         Searing Ray       |     1 |    14 |    68 |    93 |    22 |    11 |     4 |       |       ||   213
         Stone Arrow       |       |       |       |    30 |   561 |   654 |   612 |   431 |    25 ||  2313
         Iskenderun's Myst |       |       |       |    12 |    61 |    61 |    57 |    53 |    28 ||   272
         Poisonous Vapours |       |       |       |     3 |    20 |    83 |   192 |    87 |     2 ||   387
         Sticky Flame      |       |       |       |       |    16 |     4 |    27 |     3 |       ||    50
         Sandblast         |       |       |       |       |     1 |       |       |       |       ||     1
         Olgreb's Toxic Ra |       |       |       |       |    14 |    32 |    63 |    35 |     4 ||   148
         Lee's Rapid Decon |       |       |       |       |     4 |    23 |     5 |    39 |     2 ||    73
         Blink             |       |       |       |       |       |       |     2 |     1 |     1 ||     4
         Starburst         |       |       |       |       |       |       |    14 |    44 |    38 ||    96
         Ozocubu's Refrige |       |       |       |       |       |       |     1 |    11 |     9 ||    21
         Borgnjor's Vile C |       |       |       |       |       |       |     4 |    32 |   358 ||   394
         Iron Shot         |       |       |       |       |       |       |       |   454 |  1296 ||  1750
         Fireball          |       |       |       |       |       |       |       |       |     3 ||     3
  Evoke: Wand              |       |     6 |     5 |     5 |     1 |    12 |    20 |    13 |    56 ||   118
         Lightning rod     |       |       |       |       |     7 |     4 |     5 |       |     8 ||    24
    Use: Scroll            |       |       |    15 |     4 |    14 |     8 |     7 |     4 |    22 ||    74
         Potion            |       |       |     2 |     4 |     5 |     9 |     6 |     6 |    18 ||    50
   Stab: Sleeping          |     2 |       |       |       |       |       |       |       |       ||     2
 Armour: Robe              |    14 |     3 |       |       |       |       |       |       |       ||    17
         Leather armour    |       |       |    32 |       |       |       |   217 |   150 |    51 ||   450
         Steam dragon scal |       |       |    17 |    16 |       |       |       |       |       ||    33
         Ring mail         |       |       |       |    39 |   107 |   127 |       |       |       ||   273
         Acid dragon scale |       |       |       |       |       |       |       |       |   133 ||   133
  Dodge: Dodged            |    32 |    11 |    64 |    90 |   189 |   201 |   477 |   392 |   408 ||  1864
  Block: Orb               |       |       |       |       |       |    24 |   143 |    43 |       ||   210
         Reflection        |       |       |       |       |       |    12 |     8 |    30 |    37 ||    87
         Buckler           |       |       |       |       |       |       |       |   137 |   229 ||   366

Table legend: (Time is in decaauts)
 A = Elapsed time spent in this place.
 B = Non-inter-level travel time spent in this place.
 C = Inter-level travel time spent in this place.
 D = Time resting spent in this place.
 E = Time spent auto-exploring this place.
 F = Levels seen in this place.
 G = Mean time per level.
                   A        B        C        D        E       F      G
               +--------+--------+--------+--------+--------+-----+--------+
         Total | 116115 | 108460 |   7655 |  40445 |  48104 |  54 | 2150.3 |
       Dungeon |  22324 |  19635 |   2689 |   4605 |  11408 |  15 | 1488.3 |
        Temple |     16 |      9 |      7 |      0 |      0 |   1 |   16.0 |
          Lair |   8068 |   7310 |    758 |   1563 |   4363 |   5 | 1613.6 |
        Shoals |   9376 |   9109 |    267 |   3140 |   4416 |   4 | 2344.0 |
   Spider Nest |   9528 |   9089 |    439 |   3884 |   3674 |   4 | 2382.0 |
  Orcish Mines |   1805 |   1499 |    306 |    321 |    958 |   2 |  902.5 |
   Elven Halls |   7716 |   7173 |    543 |   2944 |   2925 |   3 | 2572.0 |
        Vaults |  17132 |  16004 |   1128 |   6412 |   6630 |   5 | 3426.4 |
         Crypt |  10205 |   9848 |    357 |   5292 |   2871 |   3 | 3401.7 |
        Depths |  12388 |  11568 |    820 |   5046 |   4705 |   4 | 3097.0 |
           Zot |  14334 |  13997 |    337 |   6068 |   5360 |   5 | 2866.8 |
        Bailey |    641 |    641 |      0 |     12 |    278 |   1 |  641.0 |
    Desolation |   1806 |   1806 |      0 |    909 |    259 |   1 | 1806.0 |
      Gauntlet |    769 |    769 |      0 |    249 |    256 |   1 |  769.0 |
               +--------+--------+--------+--------+--------+-----+--------+

Top non-repeatable levels by time:
   Zot:5: 5367 daAuts
 Crypt:3: 5062 daAuts
Depths:3: 4249 daAuts
Vaults:4: 4210 daAuts
Vaults:3: 3750 daAuts
   Elf:3: 3537 daAuts
Vaults:5: 3332 daAuts
   Zot:3: 3221 daAuts
Depths:4: 3193 daAuts
Vaults:1: 3125 daAuts
 Crypt:2: 2915 daAuts
Shoals:3: 2774 daAuts
Spider:3: 2742 daAuts
Vaults:2: 2712 daAuts
Shoals:4: 2621 daAuts
